 Dungeon Crawl Stone Soup version 0.23-b1-6-ga921848b48 (webtiles) character file.

Game seed: 13850817034021137480

431 Infinimo the Insei (level 6, -5/47 HPs)
             Began as a Demonspawn Transmuter on Feb 2, 2019.
             Slain by an ogre
             ... wielding a +0 giant club
              (28 damage)
             ... on level 4 of the Dungeon.
             The game lasted 00:06:39 (5210 turns).

Infinimo the Insei (Demonspawn Transmuter)          Turns: 5210, Time: 00:06:39

Health: -5/47      AC:  2    Str: 10    XL:     6   Next: 66%
Magic:  6/9        EV: 19    Int: 16    God:
Gold:   259        SH:  0    Dex: 19    Spells: 5/9 levels left

rFire    . . .     SeeInvis .     - Unarmed
rCold    + . .     Gourm    .   (shield currently unavailable)
rNeg     . . .     Faith    .   (armour currently unavailable)
rPois    x         Spirit   .   (helmet currently unavailable)
rElec    .         Reflect  .   (cloak currently unavailable)
rCorr    .         Harm     .   (gloves currently unavailable)
MR       .....                  (boots currently unavailable)
Stlth    +.........             (no amulet)
HPRegen  0.15/turn              f - ring of attention (curse)
MPRegen  0.11/turn              l - ring of protection from cold

@: spider-form
A: tiny, demonic guardian 2
a: End Transformation


You were on level 4 of the Dungeon.
You were not hungry.
You were a venomous arachnid creature.
You visited 1 branch of the dungeon, and saw 4 of its levels.

You collected 259 gold pieces.

Inventory:

Missiles
 a - 98 arrows
Armour
 b - a +0 robe (melded)
 h - a +0 pair of gloves (melded)
 q - a +0 helmet (melded)
Jewellery
 c - an uncursed ring of poison resistance {unknown}
 f - a cursed ring of attention (left front leg)
 l - a ring of protection from cold (right front leg)
 u - an uncursed ring of magical power {unknown}
Wands
 t - a wand of acid (9)
Scrolls
 g - a scroll of fog {unknown}
 j - 3 scrolls of identify
 p - 2 scrolls of teleportation
Potions
 e - 3 potions of brilliance {unknown}
 i - 2 potions of berserk rage {unknown}
 k - a potion of might {unknown}
 m - a potion of curing
 n - a potion of lignification {unknown}
 o - 2 potions of agility {unknown}
 r - a potion of mutation {unknown}
Comestibles
 d - 8 rations


   Skills:
 + Level 3.4 Fighting
 - Level 1.7 Dodging
 * Level 5.2 Unarmed Combat
 - Level 2.0 Spellcasting
 + Level 3.6 Transmutations


You had 5 spell levels left.
You knew the following spells:

 Your Spells              Type           Power        Failure   Level  Hunger
a - Beastly Appendage     Tmut           ##....       14%         1    #......
b - Spider Form           Tmut/Pois      #.........   52%         3    ###....

Your spell library contained the following spells:

 Spells                   Type           Power        Failure   Level  Hunger
 Sticks to Snakes         Tmut           ##......     19%         2    ###....
 Ice Form                 Ice/Tmut       #.......     86%         4    #####..
 Blade Hands              Tmut           ##........   91%         5    ######.


Dungeon Overview and Level Annotations

Branches:
Dungeon (4/15)
 Temple: D:4-7

Altars:
Dithmenos
Gozag
Nemelex Xobeh
Okawaru
Uskayaw
Wu Jian
The Shining One

Annotations:
D:4 1 runed translucent door, Crazy Yiuf


Innate Abilities, Weirdness & Mutations

((You have hoof-like feet.))
((You are partially covered in yellow scales. (AC +2)))
A demonic guardian rushes to your aid.


Message History

Eating a chunk of flesh.
You eat the chunk of flesh.
This raw flesh tastes terrible.
You see here a flail.
An ogre comes into view. It is wielding a +0 giant club.
The ogre shouts!
An ogre is nearby!
An ogre is nearby!
The ogre hits you with a +0 giant club!!
Ouch! That really hurt!
Your soul eater hits the ogre!
Your soul eater hits the ogre.
Casting: Spider Form (safe; 30% risk of failure)
Confirm with . or Enter, or press ? or * to list all spells.
You turn into a venomous arachnid creature.
Your +0 helmet melds into your body.
Your +0 pair of gloves melds into your body.
Your +0 robe melds into your body.
The ogre hits you with a +0 giant club!!
Ouch! That really hurt!
You die...

.##..##...................#..# #.
.##..#...##...........####.#.###.
.##..#.#.######...##### #.#.....
....#...>####......# #.###.#.
....##.....##.#....# ##.###.#.
.#..##.....##.#....# #...##..#
.................#.# ###.รท....##
.................#.# #.........#
....##......#...s..# #.####...##
....####.##.####O######.####...#.
.##.# #.<......#3..........#...#.
###.# #..##.##.#...####.##.#.....
###.# #..##.##......# #.##.#..##.
....###..##.........# #........#.
####.......####.....# ####.###.##
............####...## #.# #..#
.............)...### #.# ##..


You could see an ogre and a friendly soul eater.

Vanquished Creatures
  A centaur (D:4)
  A bullfrog (D:4)
  A crimson imp (D:4)
  A centaur zombie (D:3)
  An iguana (D:4)
  Terence (D:3)
  Robin (D:4)
  6 adders
  An ooze (D:3)
  4 worms
  2 dart slugs
  A leopard gecko (D:4)
  2 orcs (D:3)
  5 giant cockroaches
  11 goblins
  10 hobgoblins
  3 jackals (D:2)
  A ball python (D:2)
  10 bats
  8 frilled lizards
  A goblin zombie (D:4)
  A hobgoblin zombie (D:4)
  7 kobolds
  A kobold zombie (D:4)
  2 orc skeletons (D:4)
  An orc zombie (D:4)
  10 rats
94 creatures vanquished.

Vanquished Creatures (collateral kills)
  An orc (D:4)
1 creature vanquished.

Vanquished Creatures (others)
  A frilled lizard (D:1)
1 creature vanquished.

Grand Total: 96 creatures vanquished

Notes
Turn   | Place    | Note
-------+----------+-------------------------------------------
     0 | D:1      | Infinimo the Demonspawn Transmuter began the quest for the
                  | Orb.
     0 | D:1      | Reached XP level 1. HP: 15/15 MP: 3/3
   294 | D:1      | Reached skill level 3 in Unarmed Combat
   294 | D:1      | Gained mutation: A weak demonic guardian rushes to your
                  | aid. [demonic ancestry]
   294 | D:1      | Reached XP level 2. HP: 20/21 MP: 5/5
  1555 | D:2      | Gained mutation: You have large cloven feet. [demonic
                  | ancestry]
  1555 | D:2      | Reached XP level 3. HP: 26/26 MP: 6/6
  2090 | D:2      | Gained mutation: A demonic guardian rushes to your aid.
                  | [demonic ancestry]
  2090 | D:2      | Reached XP level 4. HP: 20/33 MP: 5/7
  2907 | D:2      | Reached skill level 4 in Unarmed Combat
  3257 | D:2      | Learned a level 3 spell: Spider Form
  3424 | D:3      | Found an ornate altar of the Wu Jian Council.
  3443 | D:3      | Gained mutation: You are partially covered in yellow
                  | scales. (AC +2) [demonic ancestry]
  3443 | D:3      | Reached XP level 5. HP: 31/39 MP: 6/8
  3661 | D:3      | Found a hide-covered altar of Uskayaw.
  3689 | D:3      | Noticed Terence
  3709 | D:3      | Killed Terence
  3880 | D:3      | Found a shadowy altar of Dithmenos.
  3971 | D:3      | Found a sparkling altar of Nemelex Xobeh.
  4037 | D:3      | Found an iron altar of Okawaru.
  4175 | D:4      | Gained mutation: You have hoof-like feet. [demonic
                  | ancestry]
  4175 | D:4      | Reached XP level 6. HP: 24/47 MP: 6/9
  4345 | D:4      | Reached skill level 5 in Unarmed Combat
  4559 | D:4      | Found a glowing golden altar of the Shining One.
  4715 | D:4      | Noticed Robin
  4740 | D:4      | Killed Robin
  4916 | D:4      | Found an opulent altar of Gozag.
  5133 | D:4      | Found a runed translucent door.
  5134 | D:4      | Noticed Crazy Yiuf
  5210 | D:4      | Slain by an ogre

Skill      XL: |  1  2  3  4  5  6 |
---------------+-------------------+-----
Unarmed Combat | 3 4 5 |  5.2
Transmutations | 2 3 |  3.6
Fighting       | 2 3 |  3.4
Dodging        | |  1.7
Spellcasting   | |  2.0

Action                   |  1- 3 |  4- 6 || total
-------------------------+-------+-------++-------
Melee: Unarmed           |   164 |   180 ||   344
       Kick              |    16 |    44 ||    60
       Headbutt          |     6 |    13 ||    19
       Punch             |     1 |     2 ||     3
 Cast: Beastly Appendage |     5 |    12 ||    17
       Spider Form       |       |     4 ||     4
  Use: Scroll            |     6 |       ||     6
       Potion            |     1 |       ||     1
 Stab: Sleeping          |     3 |       ||     3
  Eat: Chunk             |     4 |    11 ||    15
Armor: Robe              |    43 |    35 ||    78
       Skin              |       |     2 ||     2
Dodge: Dodged            |   116 |   111 ||   227
